 Dungeon Crawl Stone Soup version 0.29-a0-266-gf56f883ddd (webtiles) character file.

Game seed: 5519052761638447493

572 spaghetti the Skirmisher (level 7, -2/47 HPs)
             Began as a Tengu Chaos Knight on Mar 6, 2022.
             Was a Plaything of Xom.
             Slain by Pikel the water moccasin (4 damage)
             ... on level 5 of the Dungeon.
             The game lasted 00:10:41 (5536 turns).

spaghetti the Skirmisher (Tengu Chaos Knight)       Turns: 5536, Time: 00:10:43

Health: -2/47      AC:  6    Str: 18    XL:     7   Next: 34%
Magic:  8/8        EV: 12    Int: 21    God:    Xom [....*.]
Gold:   141        SH:  0    Dex: 11    Spells: 6/6 levels left

rFire   + . .      SeeInvis .   a - +0 dagger (venom) {short}
rCold   + + .      Faith    .   (no shield)
rNeg    . . .      Spirit   .   s - +0 ring mail "Rotsac" {rC+ Str+2 Int+3}
rPois   .          Reflect  .   v - +0 hat of the Louse {rElec Int+6 Dex-3}
rElec   +          Harm     .   (no cloak)
rCorr   .          Rampage  .   g - +0 pair of gloves
Will    .....                   (boots unavailable)
Stlth   +.........              (no amulet)
HPRegen 0.15/turn               c - ring of protection from fire
MPRegen 0.11/turn               (no ring)

@: brilliant, flying quickly and evasively, quick
A: beak, talons 3, nimble flight, cold resistance 1, mutation resistance 1,
strong 1, wild magic 1, MP-powered wands
a: Renounce Religion


You were on level 5 of the Dungeon.
You worshipped Xom.
You were a beloved toy of Xom.
You visited 1 branch of the dungeon, and saw 5 of its levels.

You collected 253 gold pieces.
You spent 112 gold pieces at shops.


Innate Abilities, Weirdness & Mutations

You have a beak for a mouth.
You have claws for feet.
Your magical nature lets you fly swiftly and evasively.
Your flesh is cold resistant. (rC+)
You are somewhat resistant to further mutation.
Your muscles are strong. (Str +2)
Your spells are a little harder to cast, but a little more powerful.
You expend magic power (3 MP) to strengthen your wands.


   Skills:
 + Level 6.5 Fighting
 + Level 3.7 Crossbows
 - Level 2.1 Armour
 - Level 1.1 Dodging
 - Level 3.2 Unarmed Combat
 - Level 3.0 Evocations


You had 6 spell levels left.
You didn't know any spells.
Your spell library contained the following spells:

 Spells                   Type           Power      Damage    Failure   Level
 Animate Skeleton         Necr           0%         N/A       38%         1
 Apportation              Tloc           0%         N/A       38%         1
 Summon Small Mammal      Summ           0%         N/A       38%         1
 Ensorcelled Hibernation  Hex/Ice        0%         N/A       52%         2
 Confusing Touch          Hex            0%         N/A       75%         3
 Spider Form              Tmut/Pois      0%         N/A       75%         3
 Anguish                  Hex/Necr       0%         N/A       98%         4
 Yara's Violent Unravell  Hex/Tmut       0%         3d3       100%        5
 Enfeeble                 Hex            0%         N/A       100%        7

Inventory:

Hand Weapons
 a - a +0 dagger of venom (weapon) {short}
   (You took it off an orc wizard on level 4 of the Dungeon)
 b - a +0 hand crossbow of venom {crossbow}
   (You took it off a kobold on level 4 of the Dungeon)
 h - a +2 short sword of holy wrath {short}
   (You found it on level 2 of the Dungeon)
 q - a +1 short sword of protection {short}
   (You took it off a kobold on level 2 of the Dungeon)
Missiles
 e - 149 stones {throwing}
 u - 3 poisoned darts {throwing}
 z - a throwing net {=f!fthrowing}
Armour
 f - a +2 leather armour
 g - a +0 pair of gloves (worn)
   (You found it on level 2 of the Dungeon)
 m - a +0 plate armour
   (You found it on level 3 of the Dungeon)
 s - the +0 ring mail "Rotsac" (worn) {rC+ Str+2 Int+3}
   (You found it on level 4 of the Dungeon)

   Str:       It affects your strength (+2).
   Int:       It affects your intelligence (+3).
   rC:        It protects you from cold.
 v - the +0 hat of the Louse (worn) {rElec Int+6 Dex-3}
   (Xom gifted it to you on level 4 of the Dungeon)

   Int:       It affects your intelligence (+6).
   Dex:       It affects your dexterity (-3).
   rElec:     It insulates you from electricity.
 w - a +2 cloak
   (You took it off Crazy Yiuf on level 4 of the Dungeon)
Jewellery
 c - a ring of protection from fire (left hand)
   (You found it on level 1 of the Dungeon)
Wands
 t - a wand of flame (3)
   (You found it on level 4 of the Dungeon)
 y - a wand of mindburst (19)
   (You found it on level 5 of the Dungeon)
 D - a wand of charming (5)
   (Xom gifted it to you on level 5 of the Dungeon)
Scrolls
 d - 4 scrolls of identify {@r1}
 k - 3 scrolls of teleportation {@r4}
 l - a scroll of amnesia {unknown}
 p - a scroll of immolation {!r!r}
 A - a scroll of brand weapon
 C - a scroll of noise {unknown}
Potions
 i - a potion of degeneration {!q@e2}
 o - a potion of haste {@q3}
 r - a potion of flight
 B - 2 potions of berserk rage {!q}
Miscellaneous
 n - a piece from Xom's chessboard (8/15) (quivered)

Dungeon Overview and Level Annotations

Branches:
Dungeon (5/15)
 Temple: D:4-7

Altars:
Ashenzari
Dithmenos
Kikubaaqudgha
Makhleb
Trog
Vehumet
Xom
Yredelemnul

Shops:
D:3 [   D:5 !:

Annotations:
D:5 Pikel

)......# #.# #........##.# #
#.###### #.# #5###.......# # #.#
#.# #.#####.##### # #'## #.#
#.......# # ...##
#.########..##.# # ....##
#.....∩###..##.## ** .....##
##.####.#....##..## **,
......####...###.#...∩.....#***,,
......'.......sh@Sn##........ +,,
......####.<.###.####..##..##** ,
.....## ##..###.####..##.## **,
....## #......# ####.## ** ...##
##.##### ***.# * #'## #.# *,,.#
*** #.# #.# *,*** **,**
#.#******* #.# *,* ** ,,*
#..,,,,,,**#.# **,** **,,,,,


You could see Pikel the water moccasin (agile), a necrophage (summoned), a
scorpion (summoned) and a hound (summoned).


Message History

Unknown command.
It was a potion of brilliance.
You feel clever all of a sudden.
Xom thinks this is hilarious!
Pikel bites you.
You emit a cloud of colourful smoke!
Pikel misses you. 😮 HP[-6]
You take 6 damage, and now have 26/47 hp.
It was a potion of haste.
You feel yourself speed up. Pikel bites you.
* * * LOW HITPOINT WARNING * * *
😨 HP[-6]
You take 6 damage, and now have 20/47 hp.
It was a potion of invisibility.
You fade into invisibility!
Xom roars with laughter!
Pikel barely misses you.
You're too confused to move!
Pikel closely misses you. The lemure closely misses you. The lemure hits you!
* * * LOW HITPOINT WARNING * * *
😨 HP[-7]
You take 7 damage, and now have 13/47 hp.
You're too confused to move!
Pikel bites you.
* * * LOW HITPOINT WARNING * * *
😱 HP[-5]
You take 5 damage, and now have 8/47 hp.
Unknown command.
You're too confused to move!
Pikel closely misses you. The lemure barely misses you.
Unknown command.
Unknown command.
You bump into the rock wall.
Pikel closely misses you.
You feel less confused. 😱 HP[+1] 😱 HP[+1]
The orc shouts!
The orc shouts!
The orc shouts!
You closely miss the orc. You claw the orc, but do no damage.
The orc barely misses you. 😱 HP[+1]
You hit the orc but do no damage.
The orc is poisoned.
You claw the orc!
You kill the orc!
Your +0 dagger of venom {short} stops dripping with poison.
Your +0 hand crossbow of venom {crossbow} begins to drip with poison!
b - a +0 hand crossbow of venom (weapon)
{crossbow} Shoot: b) +0 hand crossbow (venom) {crossbow}
Press: ? - help, Q - select action, (/) - cycle Shift-Dir - straight line, f - Pikel
Aim: Pikel the water moccasin (can't see you, 44% to hit)
You shoot a bolt. The bolt hits Pikel.
Shoot: b) +0 hand crossbow (venom) {crossbow}
Press: ? - help, Q - select action, (/) - cycle Shift-Dir - straight line, f/p - Pikel
Aim: Pikel the water moccasin (lightly wounded, can't see you, 44% to hit)
You shoot a bolt. The bolt misses Pikel.
Shoot: b) +0 hand crossbow (venom) {crossbow}
Press: ? - help, Q - select action, (/) - cycle Shift-Dir - straight line, f/p - Pikel
Aim: Pikel the water moccasin (lightly wounded, can't see you, 44% to hit)
You shoot a bolt. The bolt misses Pikel.
Shoot: b) +0 hand crossbow (venom) {crossbow}
Press: ? - help, Q - select action, (/) - cycle Shift-Dir - straight line, f/p - Pikel
Aim: Pikel the water moccasin (lightly wounded, can't see you, 44% to hit)
You shoot a bolt. The bolt misses Pikel.
Pikel barely misses you. 😨 HP[+1]
Your +0 hand crossbow of venom {crossbow} stops dripping with poison.
Your +0 dagger of venom {short} begins to drip with poison!
a - a +0 dagger of venom (weapon)
{short} You hit Pikel but do no damage. "Hum-dee-hum-dee-hum..."
Pikel suddenly seems more agile.
Pikel bites you.
* * * LOW HITPOINT WARNING * * *
😱 HP[-6]
You take 6 damage, and now have 6/47 hp.
You barely miss Pikel. Pikel barely misses you.
Your extra speed is starting to run out.
Xom titters.
You are confused.
Okay, then.
You flicker for a moment.
Unknown command.
You're too confused to move! 😱 HP[+1] Unknown command.
Unknown command.
You feel yourself slow down. Pikel bites you.
* * * LOW HITPOINT WARNING * * *
😱 HP[-1]
You take 1 damage, and now have 6/47 hp.
You feel less confused.
You hear Xom's maniacal laughter.
You are now a beloved toy of Xom.
You barely miss the hound. You peck the hound. Your punch misses the hound.
You flicker back into view.
Pikel completely misses you. The hound bites you.
* * * LOW HITPOINT WARNING * * *
Pikel bites you.
You die...
Xom is highly amused!

Skill      XL: |  1  2  3  4  5  6 |
---------------+-------------------+-----
Evocations     | 1 2 3 |  3.0
Fighting       | 4 5 6 |  6.5
Crossbows      | 1 3 |  3.7
Armour         | |  2.1
Dodging        | |  1.1
Unarmed Combat | |  3.2

Action                   |  1- 3 |  4- 6 |  7- 9 || total
-------------------------+-------+-------+-------++-------
Melee: Unarmed           |    84 |       |       ||    84
       Peck              |    14 |    30 |     3 ||    47
       Kick              |    25 |    37 |     5 ||    67
       Short sword       |    18 |   134 |       ||   152
       Punch             |     1 |     3 |       ||     4
       Dagger            |       |    16 |    14 ||    30
 Fire: Hand crossbow     |       |    37 |    22 ||    59
Evoke: Piece from Xom's  |    14 |     7 |       ||    21
  Use: Scroll            |     3 |     1 |       ||     4
       Potion            |       |     5 |     3 ||     8
 Stab: Sleeping          |     1 |       |       ||     1
       Petrified         |       |     7 |       ||     7
Armor: Leather armour    |    61 |    71 |       ||   132
       Ring mail         |       |     9 |     4 ||    13
Dodge: Dodged            |    59 |   126 |    20 ||   205

Levels and vault maps discovered:
D:1:      psy_arrival_spokes, layout_loops_ring, chequers_serial_rivers_small_b,
          grunt_decor_fettered
D:2:      layout_basic, basic_altar, hellmonk_ecumenical_altar_arch_garden,
          kennysheep_generic_room_5
D:3:      minmay_wonky_spiral, layout_basic, nicolae_vehumet_radiance,
          mainiacjoe_overflow_tiny_flanked, grunt_dithmenos_smoke,
          marbit_many_paths, nicolae_ashenzari_panopticon, serial_shops,
          nicolae_shop_stone, corexii_corridor_pit, grunt_decor_resistance
D:4:      layout_rooms, uniq_crazy_yiuf_cottage
D:5:      layout_loops_corners, mainiacjoe_overflow_alcove_2, serial_shops,
          shop, nicolae_square_shop, uniq_pikel, uniq_eustachio

Notes
Turn   | Place    | Note
-------+----------+-------------------------------------------
     0 | D:1      | spaghetti the Tengu Chaos Knight began the quest for the
                  | Orb.
     0 | D:1      | Reached XP level 1. HP: 14/14 MP: 2/2
     0 | D:1      | magus.rc [v1.9.6]
    24 | D:1      | XOM: potion effect (curing)
   232 | D:1      | Reached XP level 2. HP: 16/19 MP: 3/3
   294 | D:1      | XOM: silly message
   370 | D:1      | XOM: divination: detect items
   385 | D:1      | XOM: silly message
   437 | D:1      | XOM: cloud trail
   543 | D:1      | XOM: silly message
   610 | D:1      | Reached skill level 1 in Evocations
   614 | D:1      | Reached XP level 3. HP: 14/24 MP: 4/4
   815 | D:1      | Reached skill level 4 in Fighting
   858 | D:1      | XOM is BORED!
   858 | D:1      | XOM: noise
   987 | D:1      | XOM: silly message
  1231 | D:2      | XOM: 4-stop teleportation journey
  1580 | D:2      | Reached XP level 4. HP: 29/29 MP: 5/5
  1583 | D:2      | Reached skill level 2 in Evocations
  1643 | D:2      | XOM is BORED!
  1643 | D:2      | XOM: give mutations
  1643 | D:2      | Gained mutation: You are dopey. (Int -2) [Xom's mischief]
  1643 | D:2      | Gained mutation: Your body sometimes deteriorates upon
                  | taking damage. [Xom's mischief]
  1643 | D:2      | Gained mutation: You are frail. (-10% HP) [Xom's mischief]
  1643 | D:2      | Gained mutation: You are weak. (Str -2) [Xom's mischief]
  1812 | D:2      | Found a faded altar of an unknown god.
  1830 | D:2      | Found an ancient bone altar of Kikubaaqudgha.
  2038 | D:3      | XOM: smoke on damage
  2166 | D:3      | Found a broken altar of Ashenzari.
  2170 | D:3      | You pick up a book of Cantrips and begin reading...
  2170 | D:3      | You add the spells Animate Skeleton, Summon Small Mammal
                  | and Apportation to your library.
  2243 | D:3      | XOM: 2-stop teleportation journey
  2396 | D:3      | Found a bloodstained altar of Trog.
  2466 | D:3      | Found Hipniahy's Antique Armour Shop.
  2481 | D:3      | Found a shadowy altar of Dithmenos.
  2688 | D:3      | XOM: summons 2 hostile shadow creatures
  2707 | D:3      | Found a radiant altar of Vehumet.
  2868 | D:3      | Found a burning altar of Makhleb.
  3070 | D:3      | Gained mutation: Your magical nature lets you fly swiftly
                  | and evasively. [Tengu growth]
  3070 | D:3      | Reached XP level 5. HP: 23/30 MP: 6/6
  3379 | D:4      | HP: 7/30 [white imp (2)]
  3379 | D:4      | HP: 2/30 [white imp (5)]
  3466 | D:4      | XOM: 2-stop teleportation journey
  3692 | D:4      | Reached skill level 3 in Evocations
  3777 | D:4      | Found a runed translucent door.
  3778 | D:4      | Noticed Crazy Yiuf
  3833 | D:4      | Reached skill level 5 in Fighting
  3975 | D:4      | XOM: butterfly on damage
  4059 | D:4      | XOM: stat loss: -1 Dex (11/14)
  4094 | D:4      | XOM: cloud trail
  4139 | D:4      | Identified the +0 ring mail "Rotsac" {rC+ Str+2 Int+3}
  4177 | D:4      | You pick up a book of Dreams and begin reading...
  4177 | D:4      | You add the spells Ensorcelled Hibernation, Spider Form and
                  | Anguish to your library.
  4259 | D:4      | XOM: confuse monster(s)
  4298 | D:4      | XOM: scenery: create altars
  4344 | D:4      | Identified the +0 hat of the Louse {rElec Int+6 Dex-3} (Xom
                  | gifted it to you on level 4 of the Dungeon)
  4344 | D:4      | XOM: god gift: +0 hat of the Louse {rElec Int+6 Dex-3}
  4408 | D:4      | XOM: divination: detect items
  4430 | D:4      | XOM: potion effect (curing)
  4434 | D:4      | XOM: summons friendly quasit
  4440 | D:4      | Killed Crazy Yiuf
  4441 | D:4      | Reached skill level 1 in Crossbows
  4441 | D:4      | Reached XP level 6. HP: 35/36 MP: 7/7
  4501 | D:5      | Entered Level 5 of the Dungeon
  4545 | D:5      | Found Learelai's Book Emporium.
  4547 | D:5      | XOM: divination: magic mapping
  4554 | D:5      | Found Oceluhunt's Distillery.
  4559 | D:5      | Bought a potion of mutation for 112 gold pieces
  4559 | D:5      | Lost mutation: Your body sometimes deteriorates upon taking
                  | damage. [potion of mutation]
  4559 | D:5      | Lost mutation: You are frail. (-10% HP) [potion of
                  | mutation]
  4559 | D:5      | Lost mutation: You are dopey. (Int -2) [potion of mutation]
  4560 | D:5      | Lost mutation: You are weak. (Str -2) [potion of mutation]
  4560 | D:5      | Gained mutation: You expend magic power (3 MP) to
                  | strengthen your wands. [potion of mutation]
  4560 | D:5      | Gained mutation: You are somewhat resistant to further
                  | mutation. [potion of mutation]
  4630 | D:5      | Noticed Eustachio
  4636 | D:5      | Noticed a black bear
  4645 | D:5      | Killed Eustachio
  4646 | D:5      | Reached skill level 6 in Fighting
  4646 | D:5      | Reached skill level 2 in Crossbows
  4700 | D:5      | Noticed an ice beast
  4703 | D:5      | XOM: enchant monster (good)
  4708 | D:5      | Killed an ice beast
  4709 | D:5      | Reached skill level 3 in Crossbows
  4709 | D:5      | Reached XP level 7. HP: 47/47 MP: 8/8
  5342 | D:5      | XOM: give mutations
  5342 | D:5      | Gained mutation: Your muscles are strong. (Str +2) [Xom's
                  | grace]
  5342 | D:5      | Gained mutation: Your spells are a little harder to cast,
                  | but a little more powerful. [Xom's grace]
  5342 | D:5      | Gained mutation: Your flesh is cold resistant. (rC+) [Xom's
                  | grace]
  5406 | D:5      | Found a basalt altar of Yredelemnul.
  5448 | D:5      | You pick up a book of Misfortune and begin reading...
  5448 | D:5      | You add the spells Confusing Touch, Yara's Violent
                  | Unravelling and Enfeeble to your library.
  5456 | D:5      | XOM: god gift: wand of charming (5)
  5465 | D:5      | Noticed Pikel
  5467 | D:5      | Noticed Pikel
  5467 | D:5      | Pikel changed into Pikel the water moccasin
  5467 | D:5      | XOM: polymorph Pikel -> Pikel the water moccasin
  5468 | D:5      | XOM: enchant monster (bad)
  5472 | D:5      | XOM: confusion
  5473 | D:5      | XOM: smoke on damage
  5478 | D:5      | HP: 8/47 [Pikel the water moccasin (5)]
  5521 | D:5      | XOM: enchant monster (bad)
  5521 | D:5      | HP: 6/47 [Pikel the water moccasin (6)]
  5527 | D:5      | XOM: confusion
  5534 | D:5      | HP: 6/47 [Pikel the water moccasin (1)]
  5535 | D:5      | XOM: summons 3 hostile shadow creatures
  5536 | D:5      | HP: 2/47 [hound[Xom] (4)]
  5536 | D:5      | Slain by Pikel the water moccasin

Vanquished Creatures
  Eustachio (D:5)
  An ice beast (D:5)
  A howler monkey (D:5)
  A hound (D:5)
  Crazy Yiuf (D:4)
  An orc wizard (D:4)
  4 gnolls
  5 adders
  2 shadow imps
  A white imp (D:4)
  3 worms
  3 dart slugs
  7 orcs
  9 ball pythons
  8 bats
  4 endoplasms
  2 giant cockroaches
  4 goblins
  15 hobgoblins
  10 jackals
  4 quokkas
  3 frilled lizards
  7 kobolds
  6 rats
103 creatures vanquished.

Table legend:
 A = Non-vault XP
 B = Vault XP
 C = Vault XP percentage of total XP
 D = Non-vault monster count
 E = Vault monster count
 F = Vault count percentage of total count
                 A         B        C        D         E       F
            +---------+---------+-------+---------+---------+-------
      Total |     548 |     270 |  33.0 |      93 |      10 |   9.7
            +---------+---------+-------+---------+---------+-------
        D:1 |      53 |       0 |   0.0 |      28 |       0 |   0.0
        D:2 |      47 |       3 |   6.0 |      19 |       2 |   9.5
        D:3 |      60 |      34 |  36.2 |      22 |       6 |  21.4
        D:4 |     100 |      42 |  29.6 |      15 |       1 |   6.2
        D:5 |     288 |     191 |  39.9 |       9 |       1 |  10.0
            +---------+---------+-------+---------+---------+-------

Illustrated notes

Table legend:
 A = Kills in this place as a percentage of kills in entire the game.
 B = Kills by you in this place as a percentage of kills by you in the entire game.
 C = Kills by friends in this place as a percentage of kills by friends in the entire game.
 D = Other kills in this place as a percentage of other kills in the entire game.
 E = Experience gained in this place as a percentage of experience gained in the entire game.
 F = Experience gained in this place divided by the number of levels of this place that you have seen.
                   A       B       C       D       E      F
               +-------+-------+-------+-------+-------+----------------------
         Total | 100.0 | 100.0 |   N/A | 100.0 | 100.0 | 163.6
       Dungeon | 100.0 | 100.0 |   N/A | 100.0 | 100.0 | 163.6
               +-------+-------+-------+-------+-------+----------------------

Table legend: (Time is in decaauts)
 A = Elapsed time spent in this place.
 B = Non-inter-level travel time spent in this place.
 C = Inter-level travel time spent in this place.
 D = Time resting spent in this place.
 E = Time spent auto-exploring this place.
 F = Levels seen in this place.
 G = Mean time per level.
                   A        B        C        D        E       F      G
               +--------+--------+--------+--------+--------+-----+--------+
         Total |   5420 |   5274 |    146 |   1074 |   3281 |   5 | 1084.0 |
       Dungeon |   5420 |   5274 |    146 |   1074 |   3281 |   5 | 1084.0 |
               +--------+--------+--------+--------+--------+-----+--------+

Top non-repeatable levels by time:
     D:3: 1438 daAuts
     D:1: 1138 daAuts
     D:4: 1116 daAuts
     D:5: 943 daAuts
     D:2: 783 daAuts
